 Dungeon Crawl Stone Soup version 0.31-a0-743-g45f7035092 (webtiles) character file.

Game seed: 8933094852317820164

1555 scionoferis the Scratcher (level 8, -1/36 HPs)
             Began as a Felid Shapeshifter on Sept 12, 2023.
             Slain by a human zombie (5 damage)
             ... in an ossuary.
             The game lasted 00:19:28 (6621 turns).

scionoferis the Scratcher (Felid Shapeshifter)      Turns: 6621, Time: 00:19:28

Health: -1/36      AC:  2    Str: 10    XL:     8   Next: 58%
Magic:  9/9        EV: 19    Int: 12    God:
Gold:   348        SH:  0    Dex: 17    Spells: 7/7 levels left
                                        Lives:  0   Deaths: 3

rFire   . .          .
                       - Unarmed
rCold   . . .        (shield unavailable)
rNeg    . . .        (body armour unavailable)
rPois   .            (helmet unavailable)
rElec   .            (cloak unavailable)
rCorr   .            (gloves unavailable)
SInv    +            (boots unavailable)
Will    +....        (no amulet)
Stlth   +++          (no ring)
HPRegen 0.26/turn    (no ring)
MPRegen 0.11/turn

%: no passive effects
@: beast-form, quick
A: beast (slay +3), very small, claws 1, fangs 3, see invisible, speed 1, shaggy
fur 2, stealthy paws, no weapons or thrown items, no armour, multi-lived
a: Begin Untransformation


You were in an ossuary.
You were a hulking beast.
You visited 2 branches of the dungeon, and saw 8 of its levels.
You also visited: Ossuary.

You collected 348 gold pieces.


Innate Abilities, Weirdness & Mutations

You are a hulking beast.
Your limbs bulge with bestial killing power. (Slay +3)
You have sharp claws.
You have razor-sharp teeth.
You have supernaturally acute eyesight. (SInv)
You cover ground quickly. (Speed+)
You are covered in thick fur. (AC +2)
Your paws help you pounce on unaware monsters.
You are incapable of wielding weapons or throwing items.
You cannot wear armour.
You gain extra lives every three experience levels.


   Skills:
 + Level 4.5 Fighting
 - Level 5.0 Dodging
 - Level 5.0 Stealth
 * Level 7.7 Unarmed Combat
 + Level 5.6 Shapeshifting


You had 7 spell levels left.
You didn't know any spells.
Your spell library contained the following spells:

 Spells                   Type           Power      Damage    Failure   Level
 Sandblast                Erth           0%         2d4       32%         1
 Blink                    Tloc           0%         N/A       45%         2
 Cigotuvi's Dreadful Rot  Necr/Pois/Air  0%         N/A       45%         2
 Lesser Beckoning         Tloc           0%         N/A       45%         2
 Momentum Strike          Conj/Tloc      0%         3d8       45%         2
 Passwall                 Tmut/Erth      0%         N/A       45%         2
 Gell's Gravitas          Tloc           0%         N/A       69%         3
 Ignite Poison            Fire/Tmut/Pois 0%         N/A       69%         3
 Stone Arrow              Conj/Erth      0%         3d7       69%         3
 Teleport Other           Tloc           0%         N/A       69%         3
 Volatile Blastmotes      Fire/Tloc      0%         2d10      69%         3
 Anguish                  Hex/Necr       0%         N/A       97%         4
 Cause Fear               Hex            0%         N/A       97%         4
 Fulminant Prism          Conj/Hex       0%         3d5       97%         4
 Iskenderun's Mystic Bla  Conj/Tloc      0%         2d3       97%         4
 Freezing Cloud           Conj/Ice/Air   0%         6-21      100%        5
 Dispersal                Tloc           0%         N/A       100%        6
 Enfeeble                 Hex            0%         N/A       100%        7

Inventory:

Talismans
 b - a beast talisman (active)
 c - a flux talisman
Wands
 y - a wand of mindburst (9)
   (You found it on level 7 of the Dungeon)
Scrolls
 e - 2 scrolls of amnesia {unknown}
 f - a scroll of vulnerability {unknown}
 g - 4 scrolls of teleportation {unknown}
 h - a scroll of butterflies {unknown}
 k - 4 scrolls of identify {unknown}
 l - a scroll of torment {unknown}
 n - a scroll of noise {unknown}
 p - a scroll of revelation {unknown}
 r - 2 scrolls of fog {unknown}
 t - a scroll of brand weapon {unknown}
 u - a scroll of poison {unknown}
 w - a scroll of fear {unknown}
 x - a scroll of enchant armour {unknown}
Potions
 a - a potion of lignification
 d - a potion of heal wounds {unknown}
 i - 3 potions of magic
 j - 2 potions of attraction {unknown}
 m - a potion of haste {unknown}
 o - a potion of ambrosia {unknown}
 q - a potion of degeneration {unknown}
 s - a potion of enlightenment {unknown}
 v - a potion of brilliance {unknown}

Dungeon Overview and Level Annotations

Branches:
Dungeon (7/15)             Temple (1/1) D:5         Ossuary (1/1)

Altars:
Ashenzari
Cheibriados
Fedhas
Kikubaaqudgha
Nemelex Xobeh
Okawaru
Sif Muna
Trog
Vehumet
Wu Jian
Zin
The Shining One

Shops:
D:4

= ###.###
##.....##
#.......#
##...∩...##
+...∩∩∩...+
##...∩...##
#.......#
##.....##
###h### #Z#
#Z# ... ...
..... .....
#.....#


You could see an elf zombie and a human zombie.


Message History

No target in view!
k - 3 scrolls labelled ROPTIG ROERCHI (gained 1)
Found 4 large rocks.
Found a stone staircase leading down.
A quokka comes into view.
The quokka twitches its whiskers.
The quokka misses you.
You claw the quokka!
You kill the quokka!
No target in view!
You see here a quokka corpse.
A jelly is nearby!
The jelly misses you.
You claw the jelly!
Your paws burn!
The jelly is severely wounded.
The jelly misses you.
You claw the jelly!
You kill the jelly!
Your Dodging skill increases to level 4!
No target in view!
HP restored.
There is a stone staircase leading up here.
You see here the felid skeleton of scionoferis.
r - a scroll labelled VAOMUEROBA
There is a stone staircase leading up here.
You see here the felid skeleton of scionoferis.
An iguana comes into view.
The iguana hisses angrily.
The iguana barely misses you.
You claw the iguana! You bite the iguana, but do no damage.
The iguana is heavily wounded.
The iguana misses you.
You scratch the iguana.
The iguana is severely wounded.
The iguana closely misses you.
You barely miss the iguana.
The iguana is severely wounded.
The iguana completely misses you.
You scratch the iguana but do no damage.
Your claw misses the iguana.
The iguana is severely wounded.
The iguana barely misses you.
You scratch the iguana.
You kill the iguana!
Your Shapeshifting skill increases to level 4!
The jackal barks!
The jackal barks!
You scratch the jackal. You bite the jackal.
The jackal is almost dead.
You hear a bark!
The jackal closely misses you.
You barely miss the jackal. You claw the jackal, but do no damage.
The jackal is almost dead.
The jackal misses you.
You closely miss the jackal.
The jackal is almost dead.
The jackal misses you.
You closely miss the jackal.
The jackal is almost dead.
The jackal bites you. The jackal closely misses you.
You claw the jackal!
You kill the jackal!
The jackal completely misses you. The jackal closely misses you.
You closely miss the jackal.
The jackal bites you but does no damage.
You claw the jackal!
You kill the jackal!
The jackal bites you.
You scratch the jackal.
The jackal is almost dead.
The jackal closely misses you.
You barely miss the jackal.
The jackal is almost dead.
The jackal misses you.
You barely miss the jackal.
The jackal is almost dead.
The jackal barely misses you.
You scratch the jackal.
You kill the jackal!
A hound comes into view.
You claw the hound!
The hound is severely wounded.
The hound misses you. The hound closely misses you.
You barely miss the hound.
The hound is severely wounded.
The hound completely misses you.
You miss the hound.
The hound is severely wounded.
The hound bites you.
You claw the hound!
You kill the hound!
No target in view!
Found a stone staircase leading down.
Found a robe.
There is a stone staircase leading down here.
You now have 191 gold pieces (gained 10).
You see here a +0 robe.
You see here a jackal corpse.
Things that are here:
a +0 quarterstaff; a +0 leather armour; an orc corpse
There is a stone staircase leading up here.
An orc comes into view. It is wielding a +0 short sword.
Found a dagger.
The orc shouts!
You scratch the orc.
The orc is heavily wounded.
The orc misses you.
You scratch the orc.
The orc is severely wounded.
The orc completely misses you.
You closely miss the orc. You bite the orc, but do no damage.
The orc is severely wounded.
The orc hits you with a +0 short sword.
You scratch the orc.
The orc is almost dead.
The orc misses you.
You claw the orc!
You kill the orc!
Done exploring.
Done exploring.
You see here an iguana skeleton.
You see here a +0 club.
There is a stone staircase leading up, spattered with blood here.
You climb upwards.
There is a stone staircase leading down here.
The gnoll shouts!
You scratch the gnoll.
The gnoll is moderately wounded.
The gnoll closely misses you.
You claw the gnoll!
The gnoll is almost dead.
The gnoll closely misses you.
You barely miss the gnoll.
The gnoll is almost dead.
The gnoll misses you.
You claw the gnoll!
You kill the gnoll!
Things that are here:
a +1 whip of freezing; a gnoll corpse
There is a stone staircase leading up here.
You climb upwards.
Level annotation: Terence
There is a stone staircase leading down here.
Press: ? - help, . - travel You can't see that place. [the floor.] Reduced exclusion size to a single square.
Removed exclusion.
You pounce on the unaware helpless Terence!
You eviscerate Terence!!!
You kill Terence!
Things that are here:
a +1 hand axe of freezing; a +0 ring mail Done exploring.
What level of the Dungeon? (default 2, ? - help)
There is a stone staircase leading down here.
You climb downwards.
There is a stone staircase leading up here.
There is a stone staircase leading down here.
You climb downwards.
There is a stone staircase leading up here.
There is a stone staircase leading down here.
Unknown command.
You climb downwards.
There is a stone staircase leading up here.
The helpless phantom fails to defend itself.
You eviscerate the phantom!!!
You destroy the phantom!
You have reached level 7!
Extra life!
Welcome back, scionoferis the Felid Shapeshifter.
Press ? for a list of commands and other information.
You now have 201 gold pieces (gained 10).
You open the door.
There is an open door here.
You open the door.
There is an open door here.
s - a bubbling inky potion You open the door.
Found 7 stones.
There is an open door here.
You open the door.
Found an escape hatch in the ceiling.
There is an open door here.
Found a staircase to the Ecumenical Temple.
Blork the orc comes into view.
He is wielding a +0 glaive.
Blork the orc shouts!
You don't know any spells.
Okay, then.
Unknown command.
Press: ? - help, v - describe, . - travel
Here: Blork the orc, wielding a +0 glaive and wearing a +0 robe The floor.
There is an escape hatch in the ceiling here.
Blork the orc casts a cantrip, but nothing happens.
Blork the orc casts a spell at you. The puff of flame hits you!
A mysterious force pulls you upwards. The hatch slams shut behind you.
There is a stone staircase leading down here.
You start resting.
HP restored.
You climb downwards.
Level annotation: Blork the orc
There is a stone staircase leading up here.
A jelly comes into view.
The ufetubus misses you. x2
You scratch the ufetubus.
The ufetubus is heavily wounded.
The ufetubus closely misses you. The ufetubus hits you.
You scratch the ufetubus.
The ufetubus is almost dead.
The ufetubus barely misses you. The ufetubus completely misses you. x2
The ufetubus hits you. The ufetubus hits you. x2
You barely miss the ufetubus.
The ufetubus is severely wounded.
The ufetubus hits you. The ufetubus misses you.
The ufetubus closely misses you. The ufetubus barely misses you.
You scratch the ufetubus.
You kill the ufetubus!
You start resting.
HP restored.
Found a stone staircase leading down.
You pounce on the unaware helpless jelly!
You mangle the jelly!!
You kill the jelly!
You open the door.
There is an open door here.
Blork the orc shouts!
There is an open door here.
Blork the orc casts a cantrip, but nothing happens.
You start waiting.
Blork the orc is nearby!
There is a stone staircase leading up here.
You climb upwards.
There is a stone staircase leading down here.
There's nothing to close nearby.
You climb downwards.
Level annotation: Blork the orc Blork the orc misses you.
Blork the orc mumbles some strange words.
Blork the orc seems to speed up.
There is a stone staircase leading up here.
Blork the orc hits you from afar with a +0 glaive.
You climb upwards.
There is a stone staircase leading down here.
HP restored.
There is a stone staircase leading down here.
You start waiting.
Done waiting.
You climb downwards.
Level annotation: Blork the orc
There is a stone staircase leading up here.
There is a staircase to the Ecumenical Temple here.
You climb downwards.
Welcome to the Ecumenical Temple!
Found a staircase back to the Dungeon.
There is a staircase back to the Dungeon here.
Done exploring.
Search for what [? for help]? gozag Can't find anything matching that.
Unknown command.
You climb upwards.
Welcome back to the Dungeon!
Level annotation: Blork the orc
There is a staircase to the Ecumenical Temple here.
There is a fountain of clear blue water here.
You now have 212 gold pieces (gained 11).
Found a Trismegistus Codex.
There is an open door here.
You pick up a Trismegistus Codex and begin reading...
You add the spells Cigotuvi's Dreadful Rot, Ignite Poison and Freezing Cloud to your library.
Found a crooked jewelled staff.
Found an escape hatch in the floor.
You now have 225 gold pieces (gained 13).
An iguana comes into view.
Found 13 gold pieces.
A hound comes into view.
The hound barks!
You open the door.
There is an open door here.
The hound completely misses you.
You closely miss the hound. The hound bites you.
You closely miss the hound. The hound closely misses you.
You claw the hound! You bite the hound, but do no damage.
The hound is heavily wounded.
The hound closely misses you. The hound bites you.
You claw the hound!
You kill the hound!
You scratch the iguana.
The iguana is lightly wounded.
The iguana misses you.
You claw the iguana!
The iguana is heavily wounded.
You scratch the iguana but do no damage.
You bite the iguana.
The iguana is severely wounded.
The iguana bites you!
You claw the iguana!
You kill the iguana!
You start resting.
HP restored.
You see here an iguana corpse.
There is an escape hatch in the floor here.
You now have 238 gold pieces (gained 13).
You now have 244 gold pieces (gained 6).
t - a scroll labelled VORANL ATEWEBB You see here a +0 kite shield.
Found a stone staircase leading down.
You now have 256 gold pieces (gained 12).
You open the door.
A sleepcap comes into view.
Found a broken altar of Ashenzari.
There is an open door here.
The helpless sleepcap fails to defend itself.
You eviscerate the sleepcap!!!
You destroy the sleepcap!
Your Fighting skill increases to level 3!
There is an open door here.
You see here a +0 kite shield.
You open the door.
There is an open door here.
You open the door.
Found a scroll labelled XEESEIKUCI.
There is an open door here.
u - a scroll labelled XEESEIKUCI You open the door.
You open the door. You open the door.
There is an open door here.
A gnoll comes into view. It is wielding a +0 spear.
A gnoll comes into view. It is wielding a +0 flail.
The gnoll shouts!
A gnoll comes into view. It is wielding a +0 flail.
There is an open door here.
You open the door. You scratch the gnoll but do no damage. You claw the gnoll.
The gnoll is heavily wounded.
The gnoll misses you.
You claw the gnoll!
You kill the gnoll!
You see here a +0 flail.
There is an open door here.
You closely miss the gnoll. The gnoll hits you with a +0 flail!
The gnoll shouts!
You scratch the gnoll.
The gnoll is moderately wounded.
The gnoll closely misses you.
You claw the gnoll!
You kill the gnoll!
There is an open door here.
You see here a +0 flail.
There is an open door here.
The gnoll closely misses you.
You claw the gnoll!
The gnoll is heavily wounded.
The gnoll barely misses you.
You closely miss the gnoll.
The gnoll is heavily wounded.
The gnoll barely misses you.
You scratch the gnoll.
The gnoll is almost dead.
The gnoll closely misses you.
You scratch the gnoll.
The gnoll is almost dead.
The gnoll misses you.
You scratch the gnoll.
You kill the gnoll!
You start resting.
HP restored.
Things that are here:
a +0 spear; a +0 flail; a gnoll corpse
There is an open door here.
You now have 266 gold pieces (gained 10).
You open the door.
There is an open door here.
There is an open door here.
You open the large door.
There is a large open door here.
There is a large open door here.
There is a stone staircase leading down here.
There is a stone staircase leading down here.
Found a ring mail.
The helpless hound fails to defend itself.
You eviscerate the hound!!!
You kill the hound!
Your Unarmed Combat skill increases to level 6!
You open the door.
There is an open door here.
A phantom comes into view.
There is a stone staircase leading up here.
The phantom misses you.
You climb upwards.
There is a stone staircase leading down here.
You closely miss the phantom. The phantom hits you!
The phantom blinks!
You blink.
You scratch the phantom.
The phantom is lightly damaged.
You claw the phantom!
The phantom is moderately damaged.
The phantom barely misses you.
You barely miss the phantom.
The phantom is moderately damaged.
The phantom hits you.
You barely miss the phantom.
The phantom is moderately damaged.
The phantom hits you but does no damage.
You claw the phantom!
The phantom is severely damaged.
The phantom misses you.
You barely miss the phantom.
The phantom is severely damaged.
The phantom hits you.
The phantom blinks!
You blink.
You scratch the phantom but do no damage.
Your bite misses the phantom.
The phantom is severely damaged.
The phantom completely misses you.
You closely miss the phantom. Your bite misses the phantom.
The phantom is severely damaged.
The phantom completely misses you.
You barely miss the phantom.
The phantom is severely damaged.
The phantom hits you.
You are too injured to fight recklessly!
You are too injured to fight recklessly!
You completely miss the phantom.
The phantom is severely damaged.
The phantom hits you but does no damage.
You barely miss the phantom.
The phantom is severely damaged.
You claw the phantom!
You destroy the phantom!
Training target 5.0 for Dodging reached!
Your Dodging skill increases to level 5!
You start resting.
HP restored.
There is a stone staircase leading down here.
Unknown command.
You climb downwards.
Level annotation: Blork the orc
There is a stone staircase leading up here.
There is a stone staircase leading up here.
There is an open door here.
There is an escape hatch in the ceiling here.
There is an open door here.
There is an open door here.
A howler monkey comes into view.
An ufetubus comes into view.
Found a stone staircase leading down.
The ufetubus shouts!
You closely miss the ufetubus. The ufetubus completely misses you.
The ufetubus closely misses you. The ufetubus completely misses you.
The ufetubus closely misses you.
You scratch the ufetubus.
The ufetubus is almost dead.
The ufetubus closely misses you. The ufetubus misses you.
You closely miss the ufetubus. You bite the ufetubus.
You kill the ufetubus!
The howler monkey howls!
The howler monkey completely misses you.
You scratch the howler monkey.
The howler monkey is lightly wounded.
The howler monkey barely misses you.
You claw the howler monkey!
The howler monkey is heavily wounded.
The howler monkey hoots and howls with incredible vigour!
You barely miss the howler monkey.
The howler monkey is heavily wounded.
The howler monkey misses you.
You claw the howler monkey!
You kill the howler monkey!
You now have 274 gold pieces (gained 8).
Done exploring.
Done exploring.
There is a stone staircase leading down here.
You climb downwards.
Found a grey potion.
There is a stone staircase leading up here.
A sleepcap comes into view.
The helpless sleepcap fails to defend itself.
You eviscerate the sleepcap!!!
You destroy the sleepcap!
v - a grey potion
w - a scroll labelled ACUUWYCEZE You now have 290 gold pieces (gained 16).
You now have 294 gold pieces (gained 4).
Found 4 stones.
x - a scroll labelled BERUVVU XASCH
Found a sling.
You pick up a book of Geomancy and begin reading...
You add the spells Sandblast, Passwall and Stone Arrow to your library.
There are no items here.
Okay, then.
You now have 309 gold pieces (gained 15).
An orc comes into view. It is wielding a +0 flail.
The orc shouts!
The orc closely misses you.
You scratch the orc but do no damage. The orc completely misses you.
You scratch the orc.
The orc is severely wounded.
The orc hits you with a +0 flail.
You closely miss the orc.
The orc is severely wounded.
The orc hits you but does no damage.
You claw the orc!
You kill the orc!
You start resting.
HP restored.
An adder comes into view.
Found a scroll labelled ROPTIG ROERCHI.
The adder hisses angrily.
You hear a shout! x4
You hear a shout!
You claw the adder!
The adder is almost dead.
The adder bites you.
You claw the adder!
You kill the adder!
A gnoll bouda comes into view. It is wielding a +0 whip.
You start resting.
A gnoll bouda is nearby!
You start waiting.
A gnoll bouda is nearby!
A gnoll comes into view. It is wielding a +0 halberd.
A gnoll comes into view. It is wielding a +0 whip.
A gnoll comes into view. It is wielding a +0 club.
The gnoll bouda completely misses you.
You claw the gnoll bouda!
You bite the gnoll bouda, but do no damage.
The gnoll bouda is heavily wounded.
The gnoll bouda barks out a call to the hunt!
The gnoll picks up the pace!
You hear a shout!
You claw the gnoll bouda!
You kill the gnoll bouda!
Things that are here:
a +0 whip; a +0 robe The gnoll barely misses you.
You scratch the gnoll but do no damage. Your bite misses the gnoll.
You barely miss the gnoll. You bite the gnoll, but do no damage.
The gnoll hits you with a +0 club.
You closely miss the gnoll. You bite the gnoll.
The gnoll is heavily wounded.
The gnoll hits you with a +0 club!
You claw the gnoll!
You kill the gnoll!
You start resting.
A gnoll comes into view. It is wielding a +0 flail.
There is a stone staircase leading up here.
A gnoll is nearby!
You scratch the gnoll.
The gnoll is heavily wounded.
You barely miss the gnoll.
The gnoll is heavily wounded.
The gnoll closely misses you.
You claw the gnoll!
You kill the gnoll!
You start resting.
HP restored.
Things that are here:
a +0 flail; a gnoll corpse
i - 4 sedimented brown potions (gained 1)
An ogre and an iguana come into view.
The ogre moves out of view.
An adder comes into view.
Found a scroll labelled MOSSEU OFFIN.
Found a stone staircase leading up.
The teleport trap disappears.
The gnoll disappears!
You now have 323 gold pieces (gained 14).
Found a stone staircase leading down.
k - 4 scrolls labelled ROPTIG ROERCHI (gained 1)
g - 3 scrolls labelled MOSSEU OFFIN (gained 1)
There are no items here.
A white imp comes into view.
A gnoll comes into view. It is wielding a +0 halberd.
The white imp shouts!
You hear a shout!
The white imp gestures at you. The puff of frost hits you!
You start resting.
A white imp is nearby!
You scratch the white imp.
You bite the white imp, but do no damage.
The white imp is lightly wounded.
The white imp summons a swarm of flies.
The white imp closely misses you.
The gnoll shouts!
You claw the white imp!
You kill the white imp!
The gnoll attacks as it pursues you! The gnoll misses you.
The gnoll shouts!
The gnoll misses you. The gnoll hits you with a +0 whip.
The gnoll barely misses you.
The gnoll hits you from afar with a +0 halberd.
Things that are here:
a +0 flail; a gnoll corpse
There is a stone staircase leading up here.
You climb upwards.
Level annotation: Blork the orc
There is a stone staircase leading down here.
You start resting.
HP restored.
There is an open door, spattered with blood here.
You see here a howler monkey skeleton.
There is an open door here.
There is an open door here.
Press: ? - help, v - describe, . - travel
Here: Blork the orc, wielding a +0 glaive and wearing a +0 robe (wandering, hasn't noticed you)
An open door.
You are a hulking beast.
Your movement speed is quick.
Your attack delay is about 0.8.
Your damage rating with unarmed combat is about 13 (Base [5 + 6 (UC)] x 100% (Str) x 105% (Fight) + 2 (Slay)).
Unknown command.
Unknown command.
There is an open door here.
There is a stone staircase leading down here.
You climb downwards.
There is a stone staircase leading up here.
A gnoll is nearby!
There is a stone staircase leading up here.
The gnoll hits you with a +0 halberd!
You barely miss the gnoll. The gnoll closely misses you.
You claw the gnoll!
The gnoll is severely wounded.
The gnoll barely misses you.
You claw the gnoll!
You kill the gnoll!
No target in view!
You start resting.
An adder is nearby!
You barely miss the adder. You bite the adder.
The adder is lightly wounded.
The adder closely misses you.
You claw the adder!
You kill the adder!
No target in view!
You start resting.
HP restored.
You see here a +0 sling.
An adder and a scorpion come into view.
Found a scroll labelled MOSSEU OFFIN.
The ogre shouts!
You scratch the ogre.
The ogre is lightly wounded.
The ogre hits you with a +0 giant club!
You claw the ogre!
The ogre is heavily wounded.
The ogre misses you.
You scratch the ogre. You claw the ogre.
You kill the ogre!
You have reached level 8!
You start resting.
HP restored.
You scratch the scorpion but do no damage.
The scorpion stings you.
You are poisoned.
The scorpion poisons you!
You claw the scorpion!
The scorpion is severely wounded.
You feel sick. The scorpion closely misses you.
You barely miss the scorpion.
The scorpion is severely wounded.
You feel sick. The scorpion closely misses you.
You scratch the scorpion but do no damage.
The scorpion is severely wounded.
You feel sick. The scorpion completely misses you.
You barely miss the scorpion.
The iguana hisses angrily.
You claw the scorpion, but do no damage.
The scorpion is severely wounded.
You feel sick. The scorpion closely misses you.
You claw the scorpion!
You kill the scorpion!
You feel sick.
Your Shapeshifting skill increases to level 5!
You feel sick.
You feel sick.
You feel sick.
You are no longer poisoned.
An ice beast comes into view.
The ice beast moves out of view.
There is a stone staircase leading up here.
You claw the iguana! You bite the iguana.
The iguana is almost dead.
The iguana closely misses you.
You closely miss the iguana.
The iguana is almost dead.
The iguana closely misses you.
You scratch the iguana.
You kill the iguana!
You start resting.
HP restored.
You see here an iguana corpse.
Found a book of Hexes.
You pounce on the unaware helpless adder!
You eviscerate the adder!!!
You kill the adder!
g - 4 scrolls labelled MOSSEU OFFIN (gained 1)
You pick up a book of Hexes and begin reading...
You add the spells Anguish, Cause Fear and Enfeeble to your library.
You scratch the ice beast but do no damage.
The ice beast hits you but does no damage.
You claw the ice beast!
The ice beast is moderately wounded.
The ice beast misses you.
You scratch the ice beast.
The ice beast is heavily wounded.
The ice beast barely misses you.
You closely miss the ice beast.
The ice beast is heavily wounded.
The ice beast barely misses you.
You claw the ice beast!
The ice beast is severely wounded.
The ice beast hits you. The ice beast freezes you!
You claw the ice beast!
You kill the ice beast!
Your Fighting skill increases to level 4!
Your Unarmed Combat skill increases to level 7!
Found a stone staircase leading down.
A kobold comes into view. It is wielding a +0 whip.
A kobold comes into view. It is wielding a +0 dagger.
A kobold comes into view.
It is wielding a +0 short sword and quivering poisoned darts.
A kobold brigand and 2 kobolds come into view.
The kobold brigand is wielding a +0 club and quivering curare-tipped darts.
A kobold is wielding a +0 short sword of flaming.
The kobold shouts! x3; You hear an angry hiss.
The kobold shouts!
You scratch the kobold.
You kill the kobold!
A hound comes into view.
An adder comes into view.
The kobold hits you with a +0 whip. The kobold attacks as it pursues you!
The kobold barely misses you.
The kobold throws a stone.
The stone completely misses you.
You start resting.
A kobold is nearby!
You claw the kobold!
You kill the kobold!
You miss the kobold. You claw the kobold.
You kill the kobold!
The adder bites you.
You scratch the adder.
The adder is lightly wounded.
The adder misses you.
You scratch the adder.
The adder is moderately wounded.
The adder barely misses you.
You claw the adder!
You kill the adder!
The kobold brigand hits you with a +0 club.
You see here a +0 whip.
You scratch the kobold brigand but do no damage.
The kobold brigand completely misses you.
You claw the kobold brigand!
The kobold brigand is moderately wounded.
The kobold brigand closely misses you.
You scratch the kobold brigand.
The kobold brigand is heavily wounded.
The kobold brigand hits you with a +0 club.
You barely miss the kobold brigand.
The kobold brigand is heavily wounded.
The kobold brigand barely misses you.
You claw the kobold brigand! You claw the kobold brigand.
You kill the kobold brigand!
You scratch the hound.
The hound is lightly wounded.
The hound bites you. The hound completely misses you.
You barely miss the hound. You bite the hound.
The hound is heavily wounded.
The hound barely misses you.
You completely miss the hound. Your bite misses the hound.
The hound is heavily wounded.
The hound closely misses you.
You barely miss the hound.
The hound is heavily wounded.
The hound closely misses you. The hound barely misses you.
You scratch the hound.
The hound is severely wounded.
The hound closely misses you.
You claw the hound!
You kill the hound!
You scratch the kobold.
You kill the kobold!
You completely miss the kobold. The kobold hits you but does no damage.
You scratch the kobold.
You kill the kobold!
You start resting.
HP restored.
Items here: ((( )))) ††††.
Found a stone staircase leading down.
Done exploring.
Search for what [Enter for "gozag", or ? for help]? d: Unknown command.
Unknown command.
There is a stone staircase leading up here.
You climb upwards.
Level annotation: Blork the orc
There is a stone staircase leading down here.
Done exploring.
There is a large open door here.
There is a large open door here.
There is an open door here.
There is an open door here.
There is an open door here.
Blork the orc is nearby!
Blork the orc shouts!
Blork the orc hits you from afar with a +0 glaive.
You scratch Blork the orc but do no damage.
Blork the orc gestures wildly while chanting.
Blork the orc seems to speed up.
You claw Blork the orc!
Blork the orc is moderately wounded.
Blork the orc misses you.
You claw Blork the orc!
Blork the orc is heavily wounded.
Blork the orc closely misses you.
Blork the orc points at you and mumbles some strange words.
The magic dart hits you.
You claw Blork the orc!
Blork the orc is almost dead.
Blork the orc casts a cantrip, but nothing happens.
You claw Blork the orc!
You kill Blork the orc!
You start resting.
HP restored.
You now have 331 gold pieces (gained 8).
Items here: )) [ †.
There is an open door here.
There is a staircase to the Ecumenical Temple here.
There is a fountain of clear blue water here.
There is an open door here.
There is a stone staircase leading down here.
You climb downwards.
There is a stone staircase leading up here.
Done exploring.
The gnoll shouts!
You hear a shout!
You can't go down here!
Unknown command.
You scratch the gnoll but do no damage. The gnoll completely misses you.
You scratch the gnoll. You bite the gnoll, but do no damage.
The gnoll is moderately wounded.
The gnoll barely misses you.
You claw the gnoll!
The gnoll is almost dead.
The gnoll misses you. The gnoll completely misses you.
You claw the gnoll!
You kill the gnoll!
The gnoll barely misses you. The gnoll misses you.
Things that are here:
a +0 whip; a +0 chain mail You scratch the gnoll.
You claw the gnoll! You bite the gnoll.
You kill the gnoll!
You see here a +0 halberd.
Done exploring.
There is a stone staircase leading down here.
You climb downwards.
You hear the hiss of flowing sand.
There is an entrance to an ossuary on this level.
Hurry and find it before the portal is buried!
There is a stone staircase leading up here.
An orc warrior and 2 orcs come into view.
The orc warrior is wielding a +0 mace and wearing a +2 plate armour of willpower.
Found a runed helmet.
The orc shouts! x2
An orc comes into view. It is wielding a +0 short sword.
The orc moves out of view.
The orc shouts!
The orc warrior shouts!
You hear a shout!
A steam dragon comes into view.
Found a bubbling silvery potion.
You open the door.
Found a scroll labelled VAOMUEROBA and a club.
There is an open door here.
r - 2 scrolls labelled VAOMUEROBA (gained 1)
You hear the slow hiss of a very distant avalanche of sand.
Found 4 stones.
You see here 4 stones.
The steam dragon hisses angrily.
The steam dragon breathes steam at you. The ball of steam hits you!
You are engulfed in a cloud of scalding steam.
The steam dragon misses you. The steam dragon claws you.
You scratch the steam dragon.
The steam dragon is lightly wounded.
The steam dragon misses you. The steam dragon claws you.
You closely miss the steam dragon.
You claw the steam dragon, but do no damage.
The steam dragon is lightly wounded.
You barely miss the steam dragon.
The steam dragon is lightly wounded.
The steam dragon breathes steam at you. The ball of steam hits you!!
Ouch! That really hurt!
You die...
Your shape twists and changes as you die.
You rejoin the land of the living...
Found 17 gold pieces and a book of Blasting.
You now have 348 gold pieces (gained 17).
There are no items here.
Found an iron wand.
You pick up a book of Blasting and begin reading...
You add the spells Volatile Blastmotes, Fulminant Prism and Iskenderun's Mystic Blast to your library.
There are no items here.
Found a sand-covered staircase.
A sky beast comes into view.
y - a wand of mindburst (9)
There are no items here.
There is a sand-covered staircase here.
The world spins around you as you enter the gateway.
You enter an ossuary!
Found four gates leading back out of this place.
There is an empty arch of ancient stone here.
There is a gate leading back out of this place here.
As you open the door, it creaks loudly!
A human zombie comes into view.
A mummy comes into view.
An elf zombie comes into view.
A human zombie comes into view.
An elf zombie comes into view.
You claw the human zombie!
The human zombie is moderately damaged.
The human zombie barely misses you.
You barely miss the human zombie.
The human zombie is moderately damaged.
The human zombie misses you.
You scratch the human zombie.
The human zombie is moderately damaged.
You claw the human zombie!
The human zombie is heavily damaged.
The human zombie hits you.
You scratch the human zombie.
The human zombie is severely damaged.
The human zombie barely misses you.
You claw the human zombie!
The human zombie is almost destroyed.
You claw the human zombie!
You destroy the human zombie!
You scratch the elf zombie.
The elf zombie is lightly damaged.
The elf zombie hits you.
You claw the elf zombie! You bite the elf zombie.
The elf zombie is moderately damaged.
You scratch the elf zombie.
The elf zombie is moderately damaged.
The elf zombie hits you!
You claw the elf zombie!
The elf zombie is heavily damaged.
The elf zombie misses you.
You barely miss the elf zombie. You bite the elf zombie.
The elf zombie is heavily damaged.
You scratch the elf zombie.
The elf zombie is heavily damaged.
The elf zombie closely misses you.
You closely miss the elf zombie.
The elf zombie is heavily damaged.
The elf zombie barely misses you.
You claw the elf zombie! You bite the elf zombie.
The elf zombie is severely damaged.
The elf zombie barely misses you.
You scratch the elf zombie.
The elf zombie is severely damaged.
You claw the elf zombie!
The elf zombie is almost destroyed.
The elf zombie completely misses you.
You completely miss the elf zombie.
The elf zombie is almost destroyed.
The elf zombie barely misses you.
You claw the elf zombie!
You destroy the elf zombie!
You swing at nothing.
You barely miss the mummy. You bite the mummy.
The mummy is moderately damaged.
You scratch the mummy.
The mummy is heavily damaged.
The mummy hits you.
You barely miss the mummy.
The mummy is heavily damaged.
You closely miss the mummy.
The mummy is heavily damaged.
The mummy hits you!
* * * LOW HITPOINT WARNING * * *
You scratch the mummy.
The mummy is severely damaged.
You barely miss the mummy.
The mummy is severely damaged.
The mummy misses you.
You scratch the mummy.
You destroy the mummy!
You swing at nothing.
You claw the human zombie!
The human zombie is moderately damaged.
The human zombie hits you!
* * * LOW HITPOINT WARNING * * *
You barely miss the human zombie. You bite the human zombie!
The human zombie is moderately damaged.
You barely miss the human zombie. Your bite misses the human zombie.
The human zombie is moderately damaged.
The human zombie barely misses you.
You claw the human zombie! Your bite misses the human zombie.
The human zombie is severely damaged.
The human zombie barely misses you.
You closely miss the human zombie. You bite the human zombie.
The human zombie is severely damaged.
You scratch the human zombie.
The human zombie is severely damaged.
The human zombie hits you but does no damage.
It was a potion of magic.
Magic courses through your body. The human zombie hits you.
You die...

Skill      XL: |  1  2  3  4  5  6  7  8 |
---------------+-------------------------+-----
Stealth        | 2 3 4 5 |  5.0
Unarmed Combat | 4 5 6 7 |  7.7
Dodging        | 3 4 5 |  5.0
Fighting       | 2 3 4 |  4.5
Shapeshifting  | 4 5 |  5.6

Action                     |  1- 3 |  4- 6 |  7- 9 || total
---------------------------+-------+-------+-------++-------
  Melee: Unarmed           |    57 |   177 |   152 ||   386
         Bite              |     1 |    19 |    18 ||    38
         Punch             |     2 |     3 |     7 ||    12
    Use: Potion            |       |       |     1 ||     1
   Stab: Sleeping          |     8 |    10 |     5 ||    23
         Distracted        |       |     1 |       ||     1
 Armour: Skin              |     8 |    59 |    51 ||   118
  Dodge: Dodged            |    26 |    97 |    92 ||   215

Levels and vault maps discovered:
D:1:      kb_arrival_jail, layout_basic
D:2:      layout_basic, patterned_corridor, uniq_terence
D:3:      layout_rooms, old_standard_altar, lemuel_coloured_pillars_altar,
          minmay_strange_pillars, grunt_decor_fettered
D:4:      layout_rooms, serial_shops, shop_statue
D:5:      layout_basic, nicolae_ashenzari_skybound,
          minmay_temple_entry_large_hall, uniq_blork_the_orc
D:6:      layout_rooms
D:7:      layout_basic, lemuel_doored_altar, nicolae_ossuary_entry_ruins,
          grunt_ministairs_6, uniq_joseph
Temple:   kb_temple_of_zot
Ossuary:  ossuary_minmay_four_chambers

Notes
Turn   | Place    | Note
-------+----------+-------------------------------------------
     0 | D:1      | scionoferis the Felid Shapeshifter began the quest for the
                  | Orb.
     0 | D:1      | Reached XP level 1. HP: 9/9 MP: 2/2
     2 | D:1      | Noticed a ghoul
     2 | D:1      | Noticed a vine stalker
     4 | D:1      | Noticed a human
     4 | D:1      | Noticed a demonspawn
     6 | D:1      | Noticed an armataur
     6 | D:1      | Noticed an ogre
     8 | D:1      | Noticed a felid
    10 | D:1      | Noticed a minotaur
    10 | D:1      | Noticed a merfolk
    12 | D:1      | Noticed an elf
    12 | D:1      | Noticed a spriggan
    14 | D:1      | Noticed a tengu
    14 | D:1      | Noticed an octopode
    18 | D:1      | Noticed a draconian
    18 | D:1      | Noticed a demigod
    20 | D:1      | Noticed a troll
    20 | D:1      | Noticed a gargoyle
    22 | D:1      | Noticed a formicid
    22 | D:1      | Noticed a naga
    24 | D:1      | Noticed a vampire
    24 | D:1      | Noticed a minotaur
    26 | D:1      | Noticed a tengu
    26 | D:1      | Noticed a draconian
    45 | D:1      | Reached skill level 1 in Stealth
   104 | D:1      | Reached skill level 2 in Stealth
   108 | D:1      | Reached XP level 2. HP: 12/12 MP: 3/3
   570 | D:1      | Reached skill level 3 in Stealth
   678 | D:2      | Reached XP level 3. HP: 12/15 MP: 4/4
  1190 | D:2      | Reached skill level 4 in Stealth
  1286 | D:2      | Noticed Terence
  1312 | D:2      | Reached XP level 4. HP: 19/19 MP: 5/5
  2001 | D:3      | Slain by an orc
  2022 | D:3      | Found a radiant altar of Vehumet.
  2160 | D:3      | Reached skill level 5 in Stealth
  2332 | D:3      | Reached skill level 4 in Unarmed Combat
  2488 | D:3      | Identified the +5 dagger "Bosuvuap" {vamp, Drain rC+ Str+2}
  2757 | D:3      | Reached XP level 5. HP: 10/22 MP: 6/6
  2931 | D:3      | Found a blossoming altar of Fedhas.
  2988 | D:3      | Reached skill level 3 in Dodging
  2991 | D:3      | HP: 1/22 [gnoll/+0 flail (9)]
  3303 | D:4      | Slain by a howler monkey
  3336 | D:4      | Reached skill level 2 in Fighting
  3336 | D:4      | Gained mutation: You are covered in thick fur. (AC +2)
                  | [Felid growth]
  3336 | D:4      | Reached XP level 6. HP: 26/26 MP: 7/7
  3343 | D:4      | Found Usiss's Jewellery Boutique.
  3537 | D:4      | Reached skill level 5 in Unarmed Combat
  3748 | D:4      | Reached skill level 4 in Dodging
  3803 | D:4      | Reached skill level 4 in Shapeshifting
  4093 | D:2      | Killed Terence
  4139 | D:5      | Entered Level 5 of the Dungeon
  4141 | D:5      | Reached XP level 7. HP: 30/30 MP: 8/8
  4200 | D:5      | Found a staircase to the Ecumenical Temple.
  4202 | D:5      | Noticed Blork the orc
  4494 | Temple   | Entered the Ecumenical Temple
  4646 | D:5      | Found a broken altar of Ashenzari.
  4650 | D:5      | Reached skill level 3 in Fighting
  4916 | D:5      | Reached skill level 6 in Unarmed Combat
  4986 | D:4      | Reached skill level 5 in Dodging
  5802 | D:6      | Reached XP level 8. HP: 24/36 MP: 9/9
  5877 | D:6      | Reached skill level 5 in Shapeshifting
  5966 | D:6      | Reached skill level 4 in Fighting
  5966 | D:6      | Reached skill level 7 in Unarmed Combat
  6369 | D:5      | Killed Blork the orc
  6558 | D:7      | Killed from afar by a steam dragon
  6567 | D:7      | Found a sand-covered staircase.
  6577 | Ossuary  | Entered an ossuary
  6615 | Ossuary  | HP: 3/36 [human zombie (7)]
  6621 | Ossuary  | Slain by a human zombie

Vanquished Creatures
  An ice beast (D:6)
  An ogre (D:6)
  2 phantoms (D:5 D:4)
  A kobold brigand (D:6)
  Blork the orc (D:5)
  An elf zombie (Ossuary)
  2 scorpions (D:4 D:6)
  2 howler monkeys (D:4 D:5)
  4 hounds (D:4 D:5 D:6)
  A human zombie (Ossuary)
  2 jellies (D:4 D:5)
  A gnoll bouda (D:6)
  2 sleepcaps (D:5 D:6)
  5 iguanas (D:4 D:5 D:6)
  Terence (D:2)
  A mummy (Ossuary)
  10 adders (D:2 D:3 D:6)
  16 gnolls (D:2 D:3 D:4 D:5 D:6)
  A white imp (D:6)
  3 ufetubi (D:4 D:5)
  2 worms (D:2)
  3 dart slugs (D:1 D:3)
  10 orcs (D:3 D:4 D:6)
  3 endoplasms (D:1)
  4 giant cockroaches (D:1 D:3)
  8 goblins (D:1 D:2)
  5 hobgoblins (D:1 D:3 D:4)
  12 jackals (D:2 D:3 D:4)
  2 quokkas (D:1 D:4)
  7 ball pythons (D:1 D:2 D:3)
  2 bats (D:1)
  A frilled lizard (D:3)
  10 kobolds (D:1 D:2 D:3 D:4 D:6)
  5 rats (D:2 D:3)
132 creatures vanquished.

Table legend: (Time is in decaauts)
 A = Elapsed time spent in this place.
 B = Non-inter-level travel time spent in this place.
 C = Inter-level travel time spent in this place.
 D = Time resting spent in this place.
 E = Time spent auto-exploring this place.
 F = Levels seen in this place.
 G = Mean time per level.
                   A        B        C        D        E       F      G
               +--------+--------+--------+--------+--------+-----+--------+
         Total |   5734 |   5245 |    489 |   1392 |   2281 |   9 |  637.1 |
       Dungeon |   5694 |   5205 |    489 |   1392 |   2281 |   7 |  813.4 |
        Temple |      1 |      1 |      0 |      0 |      0 |   1 |    1.0 |
       Ossuary |     38 |     38 |      0 |      0 |      0 |   1 |   38.0 |
               +--------+--------+--------+--------+--------+-----+--------+

Top non-repeatable levels by time:
     D:2: 1410 daAuts
     D:3: 1043 daAuts
     D:5: 966 daAuts
     D:6: 841 daAuts
     D:4: 811 daAuts
     D:1: 541 daAuts
     D:7: 79 daAuts
 Ossuary: 38 daAuts
  Temple: 1 daAuts

Table legend:
 A = Non-vault XP
 B = Vault XP
 C = Vault XP percentage of total XP
 D = Non-vault monster count
 E = Vault monster count
 F = Vault count percentage of total count
                 A         B        C        D         E       F
            +---------+---------+-------+---------+---------+-------
      Total |    1933 |     289 |  13.0 |     127 |       5 |   3.8
            +---------+---------+-------+---------+---------+-------
        D:1 |      36 |       0 |   0.0 |      18 |       0 |   0.0
        D:2 |     106 |      36 |  25.4 |      26 |       1 |   3.7
        D:3 |     110 |       0 |   0.0 |      24 |       0 |   0.0
        D:4 |     535 |       0 |   0.0 |      23 |       0 |   0.0
        D:5 |     417 |      96 |  18.7 |      12 |       1 |   7.7
        D:6 |     729 |       0 |   0.0 |      24 |       0 |   0.0
    Ossuary |       0 |     157 | 100.0 |       0 |       3 | 100.0
            +---------+---------+-------+---------+---------+-------
